 Dungeon Crawl Stone Soup version 0.25-a0-185-g6cfeca75b2 (webtiles) character file.

Game seed: 17821505257513559625, levelgen mode: deterministic

2185757 Ratty the Slayer (level 27, 154/271 HPs)
             Began as a Minotaur Fighter on Nov 26, 2019.
             Was the Champion of Zin.
             Escaped with the Orb
             ... and 4 runes on Nov 27, 2019!
             The game lasted 03:01:00 (93540 turns).

Ratty the Slayer (Minotaur Fighter)                Turns: 93540, Time: 03:01:00

Health: 154/271    AC: 48    Str: 29    XL:     27
Magic:  36/36      EV: 25    Int:  7    God:    Zin [******]
Gold:   7059       SH: 31    Dex: 26    Spells: 26/26 levels left

rFire    + . .     SeeInvis +   a - +9 eudemon blade (holy)
rCold    + + .     Gourm    .   P - +3 large shield
rNeg     + + +     Faith    +   q - +12 gold dragon scales
rPois    +         Spirit   .   H - +1 hat of the Loofah {rN+ Dex+4}
rElec    +         Reflect  .   U - +2 cloak {rPois}
rCorr    .         Harm     .   I - +2 pair of gloves of Submission {+Blink MR+ Dex+4}
MR       +++..                  X - +0 pair of boots of Integrity {rN++ MR- Int+3 SInv}
Stlth    ..........             x - amulet of the Komtur {Faith Fragile rElec Dex+5}
HPRegen  0.55/turn              u - ring "Rantushy" {rF+ MR+ Int-3 Slay+2}
MPRegen  0.25/turn              Q - ring of Lady Luck {Ice Slay+3}

@: no status effects
A: retaliatory headbutt, horns 2
0: Orb of Zot
}: 4/15 runes: serpentine, barnacled, silver, abyssal
a: Recite, Vitalisation, Imprison, Sanctuary, Donate Gold, Renounce Religion,
Evoke Blink


You escaped.
You worshipped Zin.
Zin was exalted by your worship.
You were very hungry.

You visited 13 branches of the dungeon, and saw 58 of its levels.
You visited the Abyss 17 times.

You collected 9735 gold pieces.
You spent 2540 gold pieces at shops.
You donated 136 gold pieces to Zin.

Inventory:

Hand Weapons
 a - a +9 eudemon blade of holy wrath (weapon)
Armour
 q - +12 gold dragon scales (worn)
 H - the +1 hat of the Loofah (worn) {rN+ Dex+4}
   (You found it on level 2 of the Vaults)

   It affects your dexterity (+4).
   It protects you from negative energy.
 I - the +2 pair of gloves of Submission (worn) {+Blink MR+ Dex+4}
   (You acquired it on level 2 of the Vaults)

   It affects your dexterity (+4).
   It affects your resistance to hostile enchantments.
   It lets you blink.
 P - a +3 large shield (worn)
 U - a +2 cloak of poison resistance (worn)
 X - the +0 pair of boots of Integrity (worn) {rN++ MR- Int+3 SInv}
   (You acquired it on level 3 of the Snake Pit)

   It affects your intelligence (+3).
   It greatly protects you from negative energy.
   It affects your resistance to hostile enchantments.
   It lets you see invisible.
Jewellery
 o - the ring of Xom's Wrath {+Fly rPois rC+++ rN+ Str-4 Stlth+}
   (You acquired it on level 1 of the Abyss)

   [ring of positive energy]

   It affects your strength (-4).
   It renders you almost immune to cold.
   It protects you from poison.
   It protects you from negative energy.
   It lets you fly.
   It makes you more stealthy.
 u - the ring "Rantushy" (left hand) {rF+ MR+ Int-3 Slay+2}
   (You found it on level 4 of the Dungeon)

   [ring of intelligence]

   It affects your intelligence (-3).
   It affects your accuracy and damage with ranged weapons and melee attacks
   (+2).
   It protects you from fire.
   It affects your resistance to hostile enchantments.
 x - the amulet of the Komtur (around neck) {Faith Fragile rElec Dex+5}
   (You found it on level 5 of the Vaults)

   [amulet of faith]

   It allows you to gain divine favour quickly.
   It affects your dexterity (+5).
   It insulates you from electricity.
   It will be destroyed if unequipped.
 L - the amulet "Jyedimp" {Reflect rF+ Slay+3 SH+3}
   (You found it on level 3 of the Depths)

   [amulet of reflection]

   It shields you and reflects attacks.
   It affects your accuracy and damage with ranged weapons and melee attacks
   (+3).
   It protects you from fire.
   It affects your SH (+3).
 Q - the ring of Lady Luck (right hand) {Ice Slay+3}
   (You found it on level 3 of the Realm of Zot)

   [ring of ice]

   It enhances your ice magic.
   It affects your accuracy and damage with ranged weapons and melee attacks
   (+3).
   It makes you vulnerable to fire.
   It protects you from cold.
Wands
 G - a wand of digging (23)
 K - a wand of paralysis (7)
 O - a wand of disintegration (68)
Scrolls
 c - 22 scrolls of remove curse
 e - 8 scrolls of fear
 i - 23 scrolls of identify
 k - 7 scrolls of blinking
 t - 17 scrolls of teleportation
 y - 6 scrolls of brand weapon
 C - 6 scrolls of amnesia
 D - 3 scrolls of torment
 E - 6 scrolls of immolation
 J - 11 scrolls of magic mapping
 M - 3 scrolls of summoning
 R - 3 scrolls of silence
 T - 5 scrolls of fog
 V - 4 scrolls of holy word
Potions
 d - 6 potions of haste
 f - 4 potions of cancellation
 g - 6 potions of berserk rage
 h - 4 potions of resistance
 j - 10 potions of might
 m - 5 potions of brilliance
 p - 16 potions of curing
 s - 12 potions of flight
 w - 3 potions of heal wounds
 A - 8 potions of magic
 B - 13 potions of lignification
 N - 9 potions of agility
 Z - 6 potions of mutation
Miscellaneous
 l - 4 sacks of spiders
 n - a phial of floods
 r - a lamp of fire
 v - 2 boxes of beasts
 F - 2 phantom mirrors
 S - a lightning rod (4/4)
Comestibles
 z - 55 rations


   Skills:
 + Level 26.7 Fighting
 + Level 24.4 Long Blades
   Level 16.0 Maces & Flails
 + Level 24.9 Armour
 + Level 23.0 Dodging
 + Level 24.9 Shields
 + Level 20.8 Invocations
 + Level 18.9 Evocations


You had 26 spell levels left.
You didn't know any spells.
Your spell library contained the following spells:

 Spells                   Type           Power        Failure   Level  Hunger
 Animate Skeleton         Necr           N/A          97%         1    ##.....
 Apportation              Tloc           #.....       97%         1    ##.....
 Confusing Touch          Hex            #.....       97%         1    ##.....
 Corona                   Hex            #......      97%         1    ##.....
 Flame Tongue             Conj/Fire      #....        97%         1    ##.....
 Freeze                   Ice            #...         97%         1    ##.....
 Infusion                 Chrm           #...         97%         1    ##.....
 Magic Dart               Conj           #...         97%         1    ##.....
 Pain                     Necr           #...         97%         1    ##.....
 Sandblast                Erth           #.....       97%         1    ##.....
 Shock                    Conj/Air       #...         97%         1    ##.....
 Sting                    Conj/Pois      #...         97%         1    ##.....
 Summon Small Mammal      Summ           #...         97%         1    ##.....
 Blink                    Tloc           N/A          99%         2    ###....
 Ensorcelled Hibernation  Hex/Ice        #.....       99%         2    ###....
 Passwall                 Tmut/Erth      #.......     99%         2    ###....
 Poisonous Vapours        Pois/Air       #.....       99%         2    ###....
 Searing Ray              Conj           #.....       99%         2    ###....
 Shroud of Golubria       Chrm/Tloc      #.....       99%         2    ###....
 Slow                     Hex            #.......     99%         2    ###....
 Song of Slaying          Chrm           #.......     99%         2    ###....
 Sublimation of Blood     Necr           #.........   99%         2    ###....
 Swiftness                Chrm/Air       #.......     99%         2    ###....
 Throw Flame              Conj/Fire      #.....       99%         2    ###....
 Throw Frost              Conj/Ice       #.....       99%         2    ###....
 Confuse                  Hex            #.......     100%        3    ####...
 Conjure Flame            Conj/Fire      #.......     100%        3    ####...
 Dazzling Spray           Conj/Hex       #.....       100%        3    ####...
 Gell's Gravitas          Tloc           #.........   100%        3    ####...
 Ignite Poison            Fire/Tmut/Pois #.......     100%        3    ####...
 Inner Flame              Hex/Fire       #.......     100%        3    ####...
 Lesser Beckoning         Tloc           #.........   100%        3    ####...
 Mephitic Cloud           Conj/Pois/Air  #.......     100%        3    ####...
 Ozocubu's Armour         Chrm/Ice       #.......     100%        3    ####...
 Portal Projectile        Hex/Tloc       #.....       100%        3    ####...
 Recall                   Summ/Tloc      N/A          100%        3    ####...
 Regeneration             Chrm/Necr      #.........   100%        3    ####...
 Spectral Weapon          Hex/Chrm       #.......     100%        3    ####...
 Static Discharge         Conj/Air       #.......     100%        3    ####...
 Stone Arrow              Conj/Erth      #.....       100%        3    ####...
 Teleport Other           Tloc           #.......     100%        3    ####...
 Tukima's Dance           Hex            #.......     100%        3    ####...
 Vampiric Draining        Necr           #.........   100%        3    ####...
 Airstrike                Air            #.........   100%        4    #####..
 Animate Dead             Necr           N/A          100%        4    #####..
 Cause Fear               Hex            #.........   100%        4    #####..
 Force Lance              Conj/Tloc      #.......     100%        4    #####..
 Fulminant Prism          Conj/Hex       #.........   100%        4    #####..
 Ice Form                 Ice/Tmut       #.......     100%        4    #####..
 Iskenderun's Mystic Bla  Conj           #.......     100%        4    #####..
 Leda's Liquefaction      Hex/Erth       #.........   100%        4    #####..
 Petrify                  Tmut/Erth      #.......     100%        4    #####..
 Sticky Flame             Conj/Fire      #.......     100%        4    #####..
 Summon Ice Beast         Ice/Summ       #.......     100%        4    #####..
 Summon Lightning Spire   Summ/Air       #.......     100%        4    #####..
 Throw Icicle             Conj/Ice       #.......     100%        4    #####..
 Agony                    Necr           #.......     100%        5    ######.
 Alistair's Intoxication  Tmut/Pois      #.......     100%        5    ######.
 Bolt of Magma            Conj/Fire/Erth #.........   100%        5    ######.
 Borgnjor's Vile Clutch   Necr/Erth      #.........   100%        5    ######.
 Fireball                 Conj/Fire      #.........   100%        5    ######.
 Irradiate                Conj/Tmut      #.........   100%        5    ######.
 Iskenderun's Battlesphe  Conj/Chrm      #.......     100%        5    ######.
 Lee's Rapid Deconstruct  Erth           #.........   100%        5    ######.
 Lightning Bolt           Conj/Air       #.........   100%        5    ######.
 Metabolic Englaciation   Hex/Ice        #.........   100%        5    ######.
 Silence                  Hex/Air        #.........   100%        5    ######.
 Venom Bolt               Conj/Pois      #.........   100%        5    ######.
 Yara's Violent Unravell  Hex/Tmut       #.........   100%        5    ######.
 Bolt of Cold             Conj/Ice       #.........   100%        6    #######
 Conjure Ball Lightning   Conj/Air       #.........   100%        6    #######
 Darkness                 Hex            #.........   100%        6    #######
 Death Channel            Necr           #.........   100%        6    #######
 Deflect Missiles         Chrm/Air       #.........   100%        6    #######
 Dispersal                Tloc           #.........   100%        6    #######
 Freezing Cloud           Conj/Ice/Air   #.........   100%        6    #######
 Hydra Form               Tmut           #.........   100%        6    #######
 Invisibility             Hex            #.......     100%        6    #######
 Iron Shot                Conj/Erth      #.........   100%        6    #######
 Ozocubu's Refrigeration  Ice            #.........   100%        6    #######
 Poison Arrow             Conj/Pois      #.........   100%        6    #######
 Simulacrum               Ice/Necr       #.........   100%        6    #######
 Statue Form              Tmut/Erth      #........    100%        6    #######
 Dragon Form              Tmut           #.........   100%        7    #######
 Malign Gateway           Summ/Tloc      #.........   100%        7    #######
 Monstrous Menagerie      Summ           #.........   100%        7    #######
 Orb of Destruction       Conj           #.........   100%        7    #######
 Ring of Flames           Chrm/Fire      #.........   100%        7    #######
 Spellforged Servitor     Conj/Summ      #.........   100%        7    #######
 Summon Greater Demon     Summ           #.........   100%        7    #######
 Chain Lightning          Conj/Air       #.........   100%        8    #######
 Controlled Blink         Tloc           N/A          100%        8    #######
 Discord                  Hex            #.........   100%        8    #######
 Disjunction              Tloc           #.........   100%        8    #######
 Ignition                 Fire           #.........   100%        8    #######
 Lehudib's Crystal Spear  Conj/Erth      #.........   100%        8    #######
 Summon Horrible Things   Summ           #.........   100%        8    #######
 Fire Storm               Conj/Fire      #.........   100%        9    #######
 Glaciate                 Conj/Ice       #.........   100%        9    #######
 Shatter                  Erth           #.........   100%        9    #######
 Tornado                  Air            #.........   100%        9    #######
 Passage of Golubria      Tloc           Unusable     N/A         4    N/A

Dungeon Overview and Level Annotations

Branches:
Dungeon (15/15)            Temple (0/1) D:7            Lair (6/6) D:11
 Shoals (4/4) Lair:2        Snake (4/4) Lair:2        Slime (1/5) Lair:6
    Orc (2/2) D:9             Elf (3/3) Orc:2        Vaults (5/5) D:14
  Crypt (3/3) Vaults:3       Tomb (0/3) Crypt:3      Depths (5/5) D:15
   Hell (visited)             Dis (0/7) Hell            Geh (4/7) Hell
    Coc (0/7) Hell            Tar (0/7) Hell            Zot (5/5) Depths:5

Altars:
Ashenzari
Cheibriados
Elyvilon
Fedhas
Kikubaaqudgha
Qazlal
Ru
Sif Muna
Vehumet
Xom
Yredelemnul
Zin
The Shining One
Beogh
Jiyva
Lugonu

Shops:
D:10 (   D:13 ?   D:14 *   Orc:1 ?   Orc:2 [}(?   Elf:1 =}}   Snake:2 *
Vaults:4 (   Depths:1 *   Depths:2 *

Portals:
Hell: Depths:1 Depths:2 Depths:3 Depths:4 Depths:5
Abyss: Depths:2 Depths:4
Pandemonium: Depths:3 Depths:4 Depths:5
Ziggurat: Depths:4

Annotations:
D:5 3 runed translucent doors, 1player's ghost, novice FoAK
Zot:4 3 runed translucent doors, Dufehei's ghost, legendary TrGl; Ratty's ghost, master MiFi


Innate Abilities, Weirdness & Mutations

You reflexively headbutt those who attack you in melee.
You have a pair of horns on your head.


Message History

The torturous demonspawn shouts!
The orange demon screeches!
You are too injured to fight recklessly!
A torturous demonspawn comes into view.
It is wielding a +2 demon blade of electrocution.
The torturous demonspawn shouts!
You block the orange demon's attack.
You block the torturous demonspawn's attack.
Your blink will be uncontrolled - continue anyway? [Y]es or [N]o only, please.
Your blink will be uncontrolled - continue anyway? [Y]es or [N]o only, please.
Your blink will be uncontrolled - continue anyway?
Okay, then.
You block the orange demon's attack. The orange demon completely misses you.
The torturous demonspawn closely misses you.
You furiously retaliate!
You headbutt the torturous demonspawn!
You block the torturous demonspawn's attack.
You block the orange demon's attack. x2
You block the orange demon's attack.
There is a staircase leading out of the dungeon here.
You have escaped!

#..........####....####.#######.#
..#####...####.....## #......##.#
........#####...#...########.##.#
###........#...###...# #.##.#
#.########...# #...# #....# #.#
##..#####..## ######
##.#######...........#
##........#...........#
...######.#.⌠...@...⌠.# ####
#.#...........# #.#.....6.....#
#.####..#46#### #....##...##
####.#.....# #.....### #######


You could see 2 demonspawn and an orange demon.

Vanquished Creatures
  14 ancient liches
  Mara (Depths:2)
  4 orbs of fire
  Mennas (Vaults:3)
  A juggernaut (Depths:5)
  Boris (Crypt:1)
  5 Killer Klowns (Zot:5)
  Margery (Vaults:4)
  Geryon (Hell)
  2 caustic shrikes (Depths:2)
  Vashnia (Snake:3)
  3 curse toes
  Jory (Vaults:4)
  2 profane servitors (Abyss:1)
  14 golden dragons
  24 bone dragons
  A Tzitzimitl (D:7)
  6 Brimstone Fiends
  A hellephant (Abyss:1)
  4 electric golems
  23 tentacled monstrosities
  2 Hell Sentinels
  28 Orb Guardians
  7 quicksilver dragons
  2 titans
  15 liches
  An acid blob (Slime:1)
  4 Executioners
  4 ancient champions
  2 sphinxes
  6 death cobs
  54 tentacled starspawn
  21 shadow dragons
  13 storm dragons
  An eldritch tentacle (Geh:1)
  4 draconian monks
  Ilsuiw (Shoals:2)
  3 tengu reavers
  3 nagarajas
  3 revenants
  4 draconian knights
  An azure jelly (Slime:1)
  5 fire giants
  4 daevas
  3 deep elf sorcerers
  2 orc warlords
  5 draconian scorchers
  7 vault wardens
  10 frost giants
  8 balrugs
  3 iron dragons
  5 ghost moths
  A curse skull (Crypt:1)
  3 draconian annihilators
  7 war gargoyles
  9 draconian shifters
  10 ghouls
  2 draconian stormcallers
  7 reapers
  4 angels (Depths:1)
  6 cacodemons (Abyss:1)
  2 ophanim (Abyss:3)
  3 deep elf elementalists
  3 ironheart preservers
  38 very ugly things
  A spriggan defender (Depths:4)
  17 stone giants
  2 entropy weavers
  13 black draconians
  13 white draconians
  4 deep elf annihilators
  A black sun (D:2)
  5 lorocyprocas (Abyss:1)
  6 yellow draconians
  3 deep elf demonologists
  9 vampire knights
  14 green draconians
  13 red draconians
  A spark wasp (Depths:4)
  7 purple draconians
  8 ettins
  An ettin (shapeshifter) (Abyss:3)
  4 green deaths (Abyss:1)
  2 eidola
  2 deep elf death magi
  4 blizzard demons
  4 crystal guardians
  2 merfolk impalers (Shoals:4)
  7 merfolk javelineers
  5 yaktaur captains
  4 jiangshi (Crypt:2)
  5 deep elf high priests
  6 fire dragons
  2 quicksilver dragon zombies
  9 ogre magi
  9 ice dragons
  4 vault guards
  12 great orbs of eyes
  A hydra (Lair:6)
  10 naga warriors
  Erolcha (Orc:2)
  3 spriggan air magi (Depths:3)
  A monstrous demonspawn (D:2)
  17 rakshasas
  2 merfolk avatars (Shoals:4)
  A satyr (Shoals:3)
  A hell beast (Zot:1)
  9 centaur warriors
  6 anacondas
  4 death knights
  4 merfolk aquamancers
  146 starcursed masses
  22 dancing weapons
  19 tengu warriors
  20 two-headed ogres
  13 deep troll earth magi
  An orc high priest (Elf:1)
  9 vampire magi
  5 deep troll shamans
  20 hell hogs
  3 naga sharpshooters
  9 spriggan berserkers
  39 thrashing horrors
  4 titan skeletons
  4 titan zombies
  12 sixfirhies (Abyss:1)
  9 deep elf knights
  16 soul eaters
  40 wretched stars
  4 shadow wraiths
  2 iron trolls
  31 hell knights
  2 iron golems
  19 sun demons
  3 storm dragon skeletons
  33 skeletal warriors
  9 spatial maelstroms (Abyss:1)
  13 glowing orange brains
  An unseen horror (shapeshifter) (Abyss:1)
  A golden dragon zombie (Crypt:3)
  2 death drakes (Abyss:1)
  10 flayed ghosts
  6 cherubim (Depths:1)
  3 wizards
  A shadow demon (Abyss:1)
  11 sea snakes
  25 deep trolls
  2 anaconda zombies
  4 unseen horrors (Abyss:1)
  6 deep elf archers
  2 quicksilver dragon simulacra (Depths:3)
  12 ironbrand convokers
  2 ghost moth zombies
  9 anaconda skeletons
  15 harpies
  A golden dragon skeleton (Geh:2)
  2 naga ritualists (Snake:4)
  3 orc knights
  An iron giant skeleton (Crypt:1)
  14 necromancers
  11 phantasmal warriors
  A shadow dragon zombie (Crypt:3)
  A wolf spider (shapeshifter) (Vaults:5)
  An oklob plant (Lair:3)
  42 ugly things
  7 mana vipers
  2 fire giant zombies
  3 frost giant zombies
  2 orc sorcerers (Orc:2)
  4 wolf spiders
  5 wolf spider zombies
  4 stone giant zombies
  26 deep elf magi
  A salamander (shapeshifter) (Vaults:2)
  A faun (shapeshifter) (Depths:4)
  2 iron dragon zombies
  9 salamanders
  2 human zombies
  11 fauns
  7 fire giant skeletons
  5 shadow dragon skeletons
  A cyclops (Vaults:2)
  2 draconian zombies (Zot:4)
  2 dire elephant zombies
  16 moths of wrath
  3 manticores
  An elephant (shapeshifter) (Vaults:2)
  A moth of wrath (shapeshifter) (Depths:2)
  4 draconians (Abyss:3)
  5 elephants
  13 rust devils
  2 iron dragon skeletons
  4 stone giant skeletons
  18 worldbinders
  Maurice (D:13)
  39 smoke demons
  9 apocalypse crabs
  8 merfolk sirens
  16 black mambas
  An eye of devastation (shapeshifter) (Vaults:2)
  An eye of devastation (Abyss:1)
  8 naga magi
  A water nymph (shapeshifter) (Vaults:5)
  7 water nymphs
  3 torpor snails (Lair:6)
  5 guardian serpents
  7 frost giant skeletons
  A spiny frog (shapeshifter) (Abyss:1)
  5 vault sentinels
  A molten gargoyle (Geh:1)
  3 guardian serpents (shapeshifter)
  6 spiny frogs
  2 dire elephant skeletons
  A pale draconian zombie (Crypt:1)
  An ice statue (Depths:3)
  A shock serpent skeleton (Geh:2)
  A rime drake (shapeshifter) (Abyss:3)
  A kobold demonologist (Abyss:1)
  13 orange demons (Abyss:1)
  A komodo dragon (shapeshifter) (Abyss:1)
  14 hellions
  A komodo dragon (Lair:4)
  An anaconda simulacrum (Hell)
  15 ice devils
  38 ancient zymes
  3 demonic crawlers (Abyss:1)
  19 yaktaurs
  8 tormentors
  14 freezing wraiths
  A yaktaur (shapeshifter) (Vaults:3)
  14 hellwings
  4 hydra zombies
  3 catoblepas skeletons
  22 red devils
  13 efreet
  A grey draconian skeleton (Crypt:2)
  4 harpy zombies
  17 merfolk
  A guardian mummy (Zot:4)
  3 meliai (Lair:5)
  A shadow dragon simulacrum (Abyss:1)
  A queen bee (Lair:5)
  5 trolls
  A polar bear (Lair:6)
  6 tyrant leeches
  A wind drake (shapeshifter) (Depths:2)
  2 ettin zombies
  3 wind drakes
  9 hornets
  97 raiju
  A moth of wrath zombie (Zot:4)
  30 blink frogs
  2 harpy skeletons
  18 slime creatures
  2 snapping turtles
  3 dream sheep (Lair:6)
  A fire dragon zombie (Abyss:1)
  A fire giant simulacrum (Vaults:1)
  4 hydra skeletons
  2 alligator skeletons
  6 hippogriffs
  A frost giant simulacrum (Abyss:1)
  A meliai zombie (D:12)
  4 ice dragon skeletons
  69 flying skulls
  13 water elementals
  25 wraiths
  3 air elementals
  A yak (shapeshifter) (Abyss:1)
  5 spriggans
  37 ynoxinuls
  98 large abominations
  3 redbacks (Lair:6)
  A satyr skeleton (Crypt:2)
  7 ettin skeletons
  4 fire dragon skeletons
  15 shadows
  20 yaks
  10 fire bats
  12 vampires
  A black mamba skeleton (Abyss:2)
  3 wyverns (Lair:6)
  A hog (shapeshifter) (Depths:2)
  2 basilisks
  18 chaos spawn
  8 golden eyes
  26 fire elementals
  3 vampire mosquitoes (D:15)
  19 neqoxecs
  Menkaure (D:5)
  3 hungry ghosts
  2 wargs
  Edmund (D:4)
  2 human simulacra
  25 spatial vortices
  2 insubstantial wisps (Abyss:1)
  A soldier ant (D:11)
  A hydra simulacrum (Abyss:1)
  22 nagas
  2 soldier ants (shapeshifter)
  19 water moccasins
  A gelid demonspawn skeleton (Geh:4)
  A merfolk skeleton (Abyss:1)
  5 sky beasts
  2 spiny frog zombies
  9 porcupines
  8 ice beasts
  A black bear (shapeshifter) (Vaults:4)
  15 orc warriors
  28 hell hounds
  A fire dragon simulacrum (Abyss:1)
  An ice beast (shapeshifter) (Vaults:3)
  6 phantoms
  7 eyes of draining
  An eye of draining (shapeshifter) (Abyss:1)
  9 necrophages
  A spiny frog skeleton (Crypt:2)
  2 black mamba simulacra
  4 ettin simulacra (Depths:3)
  22 ogres
  13 boggarts
  130 small abominations
  34 wolves
  10 centaurs
  3 snapping turtle skeletons
  2 dream sheep skeletons
  A manticore skeleton (Geh:2)
  9 crocodiles
  15 bullfrogs
  2 gnoll sergeants (D:9)
  A wyvern zombie (D:13)
  9 earth elementals
  3 scorpions
  A shapeshifter zombie (Crypt:2)
  A snapping turtle simulacrum (Abyss:1)
  A swamp dragon simulacrum (Crypt:2)
  A water moccasin skeleton (D:9)
  11 killer bees (Lair:5)
  35 wights
  6 jellies
  A troll skeleton (Geh:4)
  16 crimson imps
  2 bullfrog zombies
  3 centaur zombies
  17 quasits
  A yaktaur simulacrum (Vaults:1)
  3 hounds
  4 bullfrog skeletons
  9 orc priests
  A centaur skeleton (D:7)
  19 iron imps
  2 ogre skeletons
  20 orc wizards
  4 iguanas
  A black bear skeleton (Crypt:2)
  11 worker ants
  A tengu zombie (Crypt:2)
  A naga skeleton (Geh:1)
  A hound zombie (D:8)
  A tengu skeleton (Geh:4)
  A felid skeleton (Crypt:1)
  A hound skeleton (D:10)
  2 worker ant zombies
  A howler monkey zombie (D:8)
  A swamp drake zombie (Crypt:2)
  5 gnolls
  19 adders
  6 shadow imps
  27 white imps
  A worker ant simulacrum (D:9)
  30 ufetubi
  An ooze (D:1)
  3 adder skeletons
  A halfling skeleton (Crypt:2)
  3 worms
  6 dart slugs
  An adder simulacrum (D:9)
  8 leopard geckos
  85 orcs
  7 bats
  2 bat zombies (D:7)
  4 giant cockroaches
  7 goblins
  3 hobgoblins
  6 jackals
  3 quokkas
  3 ball pythons
  2 frilled lizards
  6 kobolds
  A leopard gecko simulacrum (D:9)
  A leopard gecko zombie (Crypt:1)
  2 orc zombies (D:9)
  A quokka zombie (Crypt:2)
  7 rats
  A rat zombie (D:7)
  2 crawling corpses (Depths:3)
  2 fire vortices (Geh:4)
  4 lurking horrors
  A pillar of salt (Geh:1)
  3 plants
  46 starspawn tentacles
  3 tentacles (Shoals:1)
3430 creatures vanquished.

Vanquished Creatures (collateral kills)
  Boris (Vaults:2)
  Bai Suzhen (Vaults:4)
  A golden dragon (Vaults:5)
  The ghost of Isedumueph the Tortoise, a veteran HuFi of Hepliaklqana (Vaults:2)
  2 tentacled monstrosities (Vaults:5)
  4 large abominations
  A deep elf blademaster (Elf:3)
  2 titans (Vaults:5)
  A lich (Vaults:5)
  2 quicksilver dragons (Vaults:5)
  The ghost of Fingolfin the Severer, an adept MiBe of Trog (Elf:3)
  A deep elf master archer (Elf:3)
  2 sphinxes
  A sphinx (shapeshifter) (Elf:3)
  A kraken (Shoals:1)
  2 acid blobs (Slime:1)
  The ghost of Nico3ck the Fencer, an adept DsBe of Trog (Snake:4)
  3 shadow dragons (Vaults:5)
  A tengu reaver (Vaults:5)
  Roxanne (Shoals:4)
  3 storm dragons
  4 nagarajas
  3 frost giants
  9 vault wardens
  3 iron dragons (Vaults:5)
  7 deep elf sorcerers
  An orc warlord (Vaults:2)
  3 fire giants
  Aizul (Vaults:1)
  4 deep elf elementalists
  9 ironheart preservers
  6 very ugly things
  5 stone giants
  3 deep elf demonologists (Elf:3)
  8 deep elf annihilators
  A merfolk javelineer (Shoals:4)
  5 deep elf death magi
  7 ettins (Vaults:5)
  10 merfolk impalers
  5 deep elf high priests
  4 fire dragons
  2 great orbs of eyes
  5 yaktaur captains
  8 naga warriors
  5 hydras
  26 vault guards
  An ice dragon (Vaults:1)
  An ice dragon (shapeshifter) (Elf:3)
  A catoblepas (Lair:2)
  2 merfolk avatars
  2 centaur warriors
  2 death knights
  7 anacondas
  An alligator snapping turtle (Shoals:3)
  14 dancing weapons
  15 two-headed ogres
  7 ogre magi
  A satyr (Shoals:2)
  An orc high priest (Vaults:2)
  3 death yaks (Lair:5)
  9 naga sharpshooters
  4 shock serpents
  Nergalle (Orc:2)
  7 deep elf knights
  3 skeletal warriors
  4 salamander mystics
  15 sea snakes
  4 unseen horrors
  A shadow wraith (Vaults:4)
  4 hell knights (Vaults:4)
  3 deep trolls (Vaults:2)
  2 glowing orange brains (Vaults:2)
  A wizard (Vaults:1)
  4 naga ritualists
  10 ironbrand convokers
  A lindwurm (shapeshifter) (D:15)
  3 deep elf archers
  2 phantasmal warriors (Vaults:5)
  A lindwurm (Lair:6)
  10 orc knights
  3 mana vipers (Snake:4)
  19 harpies
  26 deep elf magi
  A stone giant zombie (Vaults:3)
  3 oklob plants (Lair:3)
  3 necromancers (Vaults:4)
  A wolf spider (shapeshifter) (Elf:3)
  7 manticores
  4 orc sorcerers
  15 ugly things
  2 cyclopes
  10 salamanders
  A cyclops (shapeshifter) (Elf:3)
  5 fauns
  2 wolf spiders
  A shining eye (shapeshifter) (Elf:3)
  A faun (shapeshifter) (Elf:3)
  11 guardian serpents
  6 merfolk sirens
  A guardian serpent (shapeshifter) (Vaults:2)
  A water nymph (shapeshifter) (Vaults:4)
  5 elephants
  4 moths of wrath
  15 black mambas
  9 naga magi
  7 spiny frogs
  9 vault sentinels
  4 torpor snails
  A centaur skeleton (D:15)
  7 water nymphs
  11 yaktaurs
  3 komodo dragons
  An orc skeleton (Vaults:3)
  3 freezing wraiths
  An efreet (D:14)
  A polar bear (shapeshifter) (Elf:3)
  28 merfolk
  3 trolls
  7 hornets
  A troll (shapeshifter) (Vaults:1)
  2 polar bears
  A slime creature (shapeshifter) (Elf:3)
  2 raiju (shapeshifter)
  2 tyrant leeches (Lair:6)
  9 blink frogs
  3 wind drakes
  A hornet (shapeshifter) (Vaults:2)
  6 dream sheep (Lair:6)
  A harpy skeleton (D:15)
  A dream sheep (shapeshifter) (Elf:3)
  8 slime creatures
  2 snapping turtles
  6 hippogriffs
  An air elemental (Elf:1)
  A centaur simulacrum (D:15)
  2 shadows
  A redback (Vaults:3)
  A basilisk (Lair:4)
  4 wyverns (Lair:6)
  5 water elementals
  A wraith (D:14)
  A vampire (Vaults:3)
  12 yaks
  A hungry ghost (D:14)
  38 nagas
  3 wargs
  2 swamp worms (D:9)
  A porcupine (Lair:3)
  11 water moccasins
  An acid dragon (Vaults:2)
  16 orc warriors
  An ice beast (D:9)
  3 eyes of draining
  8 wolves
  An eye of draining (shapeshifter) (Elf:3)
  A phantom (D:10)
  3 centaurs
  16 ogres
  5 boggarts (Vaults:3)
  4 crocodiles
  A big kobold (shapeshifter) (Vaults:1)
  2 big kobolds
  3 bullfrogs
  A human skeleton (Vaults:3)
  A scorpion (D:14)
  4 wights
  11 killer bees (Lair:5)
  2 electric eels
  A centaur zombie (D:10)
  A crimson imp (D:9)
  3 orc priests
  3 iguanas
  20 orc wizards
  3 worker ants
  A worker ant (shapeshifter) (Vaults:5)
  A gnoll (D:9)
  A howler monkey skeleton (D:8)
  An adder (Lair:2)
  A hound simulacrum (D:9)
  2 white imps
  2 ufetubi
  27 orcs
  5 kobolds
  A butterfly (Lair:3)
  10 crawling corpses
  62 fungi
  214 plants
1139 creatures vanquished.

Vanquished Creatures (others)
  A golden dragon (Vaults:5)
  3 profane servitors
  2 bone dragons
  A titan (Vaults:5)
  A tengu reaver (Vaults:5)
  12 ghouls
  A deep elf elementalist (Vaults:5)
  A stone giant (Depths:3)
  9 vampire knights
  A very ugly thing zombie (Vaults:3)
  A yaktaur captain (Vaults:5)
  A deep elf high priest (Elf:3)
  A hell hog (Abyss:1)
  A deep elf knight (Elf:2)
  13 skeletal warriors
  A shadow dragon zombie (Vaults:5)
  16 flayed ghosts
  3 deep elf archers (Elf:2)
  A wolf spider zombie (Vaults:5)
  2 ugly thing zombies
  12 phantasmal warriors
  3 small abominations
  A stone giant zombie (Vaults:5)
  3 deep elf magi
  A black mamba (Snake:2)
  3 yaktaur zombies (Vaults:5)
  A kobold demonologist (Abyss:1)
  2 ghoul skeletons (Vaults:5)
  A tengu conjurer (Depths:3)
  A harpy zombie (Shoals:3)
  A harpy skeleton (Shoals:3)
  A guardian serpent zombie (Snake:4)
  An air elemental (Elf:2)
  A shadow (Depths:3)
  12 flying skulls
  2 wraiths
  11 vampires
  2 elf zombies
  A naga (Snake:2)
  A spiny frog zombie (Lair:3)
  A necrophage (Geh:4)
  18 human zombies
  4 naga zombies (Snake:4)
  2 yak zombies
  3 wights
  9 wolf zombies (Lair:3)
  A basilisk zombie (Lair:3)
  3 killer bee zombies (Lair:5)
  2 ogre zombies (Vaults:4)
  A mummy (Lair:3)
  A white imp (Abyss:3)
  2 ufetubi
  An iguana zombie (D:13)
  3 orc zombies
  A bush (Abyss:3)
  A crawling corpse (Depths:3)
  48 fungi
  12 lurking horrors
  15 pillars of salt
  28 plants
  112 starspawn tentacles
  9 tentacles (Shoals:1)
410 creatures vanquished.

Grand Total: 4979 creatures vanquished

Notes
Turn   | Place    | Note
-------+----------+-------------------------------------------
     0 | D:1      | Ratty the Minotaur Fighter began the quest for the Orb.
     0 | D:1      | Reached XP level 1. HP: 19/19 MP: 0/0
    93 | D:1      | Reached skill level 4 in Fighting
    98 | D:1      | Reached XP level 2. HP: 27/27 MP: 1/1
   232 | D:1      | Reached XP level 3. HP: 31/34 MP: 2/2
   627 | D:2      | Reached XP level 4. HP: 39/41 MP: 3/3
   659 | D:2      | Reached skill level 5 in Fighting
   952 | D:3      | Found a glowing silver altar of Zin.
   952 | D:3      | Found a shimmering blue altar of Sif Muna.
  1302 | D:4      | Got a steaming ivory ring
  1325 | D:4      | Noticed Edmund
  1340 | D:4      | Killed Edmund
  1340 | D:4      | Reached skill level 6 in Fighting
  1340 | D:4      | Reached skill level 5 in Long Blades
  1340 | D:4      | Reached XP level 5. HP: 18/50 MP: 4/4
  1600 | D:4      | Noticed an ogre
  1602 | D:4      | Reached XP level 6. HP: 58/58 MP: 5/5
  1859 | D:4      | Reached skill level 7 in Fighting
  1867 | D:4      | Reached XP level 7. HP: 59/66 MP: 6/6
  2351 | D:5      | Entered Level 5 of the Dungeon
  2492 | D:5      | Reached skill level 8 in Fighting
  2574 | D:5      | Noticed Menkaure
  2581 | D:5      | Killed Menkaure
  2739 | D:5      | Reached XP level 8. HP: 72/75 MP: 7/7
  2837 | D:5      | Found a runed translucent gate.
  2837 | D:5      | Found a runed translucent gate.
  2837 | D:5      | Found a runed translucent gate.
  2838 | D:5      | Identified the cursed +3 short sword of Tadgha {elec, -Tele
                  | rC- Str+9}
  2839 | D:5      | Noticed 1player's ghost (novice FoAK)
  3182 | D:5      | Identified the cursed ring "Rantushy" {rF+ MR+ Int-3
                  | Slay+2} (You found it on level 4 of the Dungeon)
  3193 | D:6      | Reached skill level 9 in Fighting
  3460 | D:6      | Found a basalt altar of Yredelemnul.
  3462 | D:6      | Noticed a profane servitor
  3521 | D:6      | Became a worshipper of Yredelemnul the Dark
  3530 | D:6      | Found a glowing golden altar of the Shining One.
  3532 | D:6      | Noticed an angel
  3614 | D:6      | You fall into a shaft and drop 3 floors!
  3614 | D:9      | Noticed a hippogriff
  3625 | D:9      | Killed a hippogriff
  3625 | D:9      | Reached skill level 10 in Fighting
  3933 | D:7      | Reached skill level 10 in Long Blades
  4195 | D:7      | Reached XP level 9. HP: 79/86 MP: 8/8
  4328 | D:7      | Found an ancient bone altar of Kikubaaqudgha.
  4680 | D:7      | Reached * piety under Yredelemnul
  4680 | D:7      | Reached skill level 11 in Fighting
  4701 | D:7      | Found a sacrificial altar of Ru.
  4907 | D:7      | Found a staircase to the Ecumenical Temple.
  5498 | D:8      | Reached ** piety under Yredelemnul
  5528 | D:8      | Found a blossoming altar of Fedhas.
  5581 | D:8      | Reached skill level 12 in Fighting
  6364 | D:9      | Found a white marble altar of Elyvilon.
  6607 | D:9      | Reached XP level 10. HP: 83/99 MP: 9/9
  6820 | D:9      | Reached *** piety under Yredelemnul
  6855 | D:9      | Received a gift from Yredelemnul (4 flying skulls)
  7040 | D:9      | Found a staircase to the Orcish Mines.
  7349 | D:9      | Found a stormy altar of Qazlal.
  7367 | D:9      | Reached skill level 13 in Fighting
  7472 | D:9      | Reached **** piety under Yredelemnul
  8208 | D:10     | Entered Level 10 of the Dungeon
  8431 | D:10     | Received a gift from Yredelemnul (a wight)
  8485 | D:10     | Reached skill level 1 in Invocations
  8575 | D:10     | Reached skill level 1 in Dodging
  8743 | D:10     | Found Jeupnowe's Antique Weapon Boutique.
  8751 | D:10     | Bought a runed scimitar for 245 gold pieces
  9015 | D:11     | Noticed a two-headed ogre
  9021 | D:11     | Killed a two-headed ogre
  9021 | D:11     | Reached skill level 1 in Evocations
  9121 | D:11     | Found a staircase to the Lair.
  9354 | D:11     | Paralysed by a hornet for 3 turns
  9360 | D:11     | Reached ***** piety under Yredelemnul
  9360 | D:11     | Received a gift from Yredelemnul (a wraith)
  9611 | D:11     | Noticed a cyan ugly thing
  9614 | D:11     | Noticed a green ugly thing
  9617 | D:11     | Killed a cyan ugly thing
  9617 | D:11     | Reached XP level 11. HP: 107/107 MP: 12/12
  9622 | D:11     | Killed a green ugly thing
  9705 | Lair:1   | Entered Level 1 of the Lair of Beasts
  9875 | Lair:1   | Reached skill level 5 in Armour
  9875 | Lair:1   | Reached skill level 5 in Shields
  9890 | Lair:1   | Received a gift from Yredelemnul (a mummy)
 10174 | Lair:1   | Received a gift from Yredelemnul (4 flying skulls)
 10522 | Lair:2   | Found a staircase to the Snake Pit.
 10536 | Lair:2   | Reached skill level 5 in Invocations
 10697 | Lair:2   | Noticed a catoblepas
 10739 | Lair:2   | Killed a catoblepas
 11463 | Lair:2   | Found a staircase to the Shoals.
 11515 | Lair:2   | Reached skill level 14 in Fighting
 12014 | Lair:3   | Noticed an oklob plant
 12047 | Lair:3   | Reached XP level 12. HP: 95/117 MP: 12/15
 12236 | Lair:3   | HP: 3/117 [acid (6)]
 12759 | Lair:3   | Received a gift from Yredelemnul (a wight)
 12970 | Lair:3   | Received a gift from Yredelemnul (a phantasmal warrior)
 13342 | Lair:3   | Reached skill level 5 in Dodging
 13769 | Lair:4   | Received a gift from Yredelemnul (a vampire)
 13916 | Lair:4   | Noticed an eight-headed hydra
 13923 | Lair:4   | Killed a nine-headed hydra
 14357 | Lair:4   | Received a gift from Yredelemnul (a phantasmal warrior)
 14375 | Lair:4   | Received a gift from Yredelemnul (a vampire)
 15115 | Lair:5   | Received a gift from Yredelemnul (4 flying skulls)
 15120 | Lair:5   | Received a gift from Yredelemnul (a flayed ghost)
 15123 | Lair:5   | Reached ****** piety under Yredelemnul
 15363 | Lair:5   | Noticed a death yak
 15369 | Lair:5   | Noticed a death yak
 15373 | Lair:5   | Killed a death yak
 15373 | Lair:5   | Reached XP level 13. HP: 125/125 MP: 18/18
 16057 | Lair:6   | Entered Level 6 of the Lair of Beasts
 16083 | Lair:6   | Reached skill level 5 in Evocations
 16247 | Lair:6   | Received a gift from Yredelemnul (a phantasmal warrior)
 16273 | Lair:6   | Received a gift from Yredelemnul (a vampire)
 16652 | Lair:6   | Received a gift from Yredelemnul (a ghoul)
 16888 | Lair:6   | Received a gift from Yredelemnul (a skeletal warrior)
 16906 | Lair:6   | Got a slimy ring mail
 16917 | Lair:6   | Identified the +1 ring mail of Anaesthesia {+Blink rC+
                  | Str-3} (You found it on level 6 of the Lair of Beasts)
 16970 | Lair:6   | Found a staircase to the Slime Pits.
 16970 | Lair:6   | Found a viscous altar of Jiyva.
 17006 | Lair:6   | Received a gift from Yredelemnul (a flayed ghost)
 17414 | Lair:6   | Received a gift from Yredelemnul (a phantasmal warrior)
 17435 | Lair:6   | Reached skill level 15 in Fighting
 18064 | Lair:6   | Found a runed translucent door.
 18065 | Lair:6   | Noticed a fire dragon
 18080 | Lair:6   | Killed a fire dragon
 18148 | Lair:6   | Received a gift from Yredelemnul (a flayed ghost)
 18360 | Lair:6   | Reached XP level 14. HP: 114/135 MP: 20/20
 18894 | D:12     | Reached skill level 10 in Invocations
 19252 | D:12     | Received a gift from Yredelemnul (a bone dragon)
 19272 | D:12     | Reached skill level 15 in Long Blades
 19512 | D:13     | Received a gift from Yredelemnul (a vampire knight)
 19812 | D:13     | Noticed Maurice
 19813 | D:13     | Received a gift from Yredelemnul (a profane servitor)
 19818 | D:13     | Killed Maurice
 19988 | D:13     | Found Meyxam's Magic Scroll Boutique.
 19996 | D:13     | Bought a scroll of identify for 24 gold pieces
 19996 | D:13     | Bought a scroll of identify for 24 gold pieces
 19996 | D:13     | Bought a scroll of blinking for 90 gold pieces
 20277 | D:14     | Received a gift from Yredelemnul (a ghoul)
 20376 | D:14     | Found a gate to the Vaults.
 20473 | D:14     | Received a gift from Yredelemnul (a skeletal warrior)
 20707 | D:14     | Found Qoodixal's Assorted Antiques.
 20715 | D:14     | Bought an encrusted sapphire ring for 200 gold pieces
 20877 | D:15     | Entered Level 15 of the Dungeon
 20928 | D:15     | Found a staircase to the Depths.
 20928 | D:15     | Noticed a fire giant
 20934 | D:15     | Killed a fire giant
 21006 | D:15     | Found a shattered altar of Ashenzari.
 21043 | D:15     | Received a gift from Yredelemnul (a vampire knight)
 21223 | D:15     | Received a gift from Yredelemnul (a ghoul)
 21701 | Orc:1    | Entered Level 1 of the Orcish Mines
 21798 | Orc:1    | Received a gift from Yredelemnul (a skeletal warrior)
 21934 | Orc:1    | Found Cecvirops's Magic Scroll Emporium.
 21937 | Orc:1    | Bought a scroll of identify for 30 gold pieces
 21937 | Orc:1    | Bought a scroll of brand weapon for 300 gold pieces
 22075 | Orc:2    | Entered Level 2 of the Orcish Mines
 22085 | Orc:2    | Found a staircase to the Elven Halls.
 22615 | Orc:2    | Reached skill level 10 in Armour
 22619 | Orc:2    | Received a gift from Yredelemnul (a vampire)
 22634 | Orc:2    | Found Aqien's Antique Armour Shop.
 22673 | Orc:2    | Found an ancient bone altar of Kikubaaqudgha.
 22673 | Orc:2    | Noticed Nergalle
 22685 | Orc:2    | Killed Nergalle
 22689 | Orc:2    | Found Qunion's Gadget Boutique.
 22698 | Orc:2    | Noticed Erolcha
 22699 | Orc:2    | Found a roughly hewn altar of Beogh.
 22699 | Orc:2    | Found Anudet's Antique Weapon Shop.
 22704 | Orc:2    | Received a gift from Yredelemnul (a vampire)
 22706 | Orc:2    | Reached skill level 10 in Shields
 22707 | Orc:2    | Killed Erolcha
 22709 | Orc:2    | Found a radiant altar of Vehumet.
 22796 | Orc:2    | Found Yclonn's Magic Scroll Shop.
 22806 | Orc:2    | Bought 3 scrolls of magic mapping for 178 gold pieces
 22815 | Orc:2    | Bought a runed demon blade for 396 gold pieces
 22939 | Orc:2    | Bought a wand of clouds (3) for 273 gold pieces
 22939 | Orc:2    | Bought a sack of spiders for 260 gold pieces
 22939 | Orc:2    | Bought a phial of floods for 520 gold pieces
 23297 | Snake:1  | Entered Level 1 of the Snake Pit
 23405 | Snake:1  | Received a gift from Yredelemnul (a vampire knight)
 23549 | Snake:1  | Reached XP level 15. HP: 136/143 MP: 22/22
 24009 | Snake:1  | Received a gift from Yredelemnul (a ghoul)
 24439 | Snake:2  | Noticed a nagaraja
 24449 | Snake:2  | Killed a nagaraja
 24952 | Snake:2  | Received a gift from Yredelemnul (a flayed ghost)
 25187 | Snake:2  | Found Riaz's General Store.
 25323 | Snake:2  | Received a gift from Yredelemnul (a vampire)
 25458 | Snake:3  | Noticed a nagaraja
 25463 | Snake:3  | Killed a nagaraja
 25516 | Snake:3  | Received a gift from Yredelemnul (a vampire)
 25580 | Snake:3  | Noticed Vashnia
 25589 | Snake:3  | Reached skill level 16 in Fighting
 25594 | Snake:3  | Killed Vashnia
 25655 | Snake:3  | Identified a scroll of acquirement
 25657 | Snake:3  | Got a pair of jewelled boots
 25668 | Snake:3  | Identified the +0 pair of boots of Integrity {rN++ MR-
                  | Int+3 SInv} (You acquired it on level 3 of the Snake Pit)
 25728 | Snake:3  | Received a gift from Yredelemnul (a skeletal warrior)
 25914 | Snake:3  | Received a gift from Yredelemnul (a skeletal warrior)
 26346 | Snake:4  | Entered Level 4 of the Snake Pit
 26405 | Snake:4  | Received a gift from Yredelemnul (a vampire)
 26517 | Snake:4  | Found a transporter.
 26612 | Snake:4  | Noticed Nico3ck's ghost (adept DsBe)
 26623 | Snake:4  | Noticed a nagaraja
 26633 | Snake:4  | Killed a nagaraja
 26641 | Snake:4  | Reached XP level 16. HP: 116/152 MP: 24/24
 26765 | Snake:4  | Reached skill level 10 in Dodging
 26794 | Snake:4  | Received a gift from Yredelemnul (a ghoul)
 26989 | Snake:4  | Received a gift from Yredelemnul (a phantasmal warrior)
 27080 | Snake:4  | Received a gift from Yredelemnul (a flayed ghost)
 27263 | Snake:4  | Received a gift from Yredelemnul (a flayed ghost)
 27291 | Snake:4  | Got a serpentine rune of Zot
 27595 | Snake:4  | Found a transporter.
 27620 | Snake:4  | Killed Nico3ck's ghost
 27629 | Snake:4  | Got a steaming glass ring
 27631 | Snake:4  | Identified the ring of Qyowkayv {-Tele rC- rN+ MP+9 Str+9}
                  | (You found it on level 4 of the Snake Pit)
 27641 | Snake:4  | Got a coiled steel ring
 27642 | Snake:4  | Identified the ring "Sunatt" {*Slow rElec rF+ Stlth-} (You
                  | found it on level 4 of the Snake Pit)
 28210 | Vaults:1 | Entered Level 1 of the Vaults
 28216 | Vaults:1 | Got a shimmering chain mail
 28227 | Vaults:1 | Identified the cursed +1 chain mail "Ganne" {Str+4} (You
                  | found it on level 1 of the Vaults)
 28565 | Vaults:1 | Received a gift from Yredelemnul (a profane servitor)
 28907 | Vaults:1 | Received a gift from Yredelemnul (a vampire)
 29055 | Vaults:1 | Reached skill level 17 in Fighting
 29449 | Vaults:1 | Noticed Aizul
 29456 | Vaults:1 | Killed Aizul
 29509 | Vaults:2 | Received a gift from Yredelemnul (a phantasmal warrior)
 29862 | Vaults:2 | Reached XP level 17. HP: 159/161 MP: 25/25
 29872 | Vaults:2 | Received a gift from Yredelemnul (a vampire knight)
 29907 | Vaults:2 | Got a pair of faintly humming gloves
 29918 | Vaults:2 | Identified the +2 pair of gloves of Submission {+Blink MR+
                  | Dex+4} (You acquired it on level 2 of the Vaults)
 29928 | Vaults:2 | Noticed Boris
 29939 | Vaults:2 | Killed Boris
 30090 | Vaults:2 | Found a runed translucent gate.
 30090 | Vaults:2 | Noticed Isedumueph's ghost (veteran HuFi)
 30091 | Vaults:2 | Found a runed translucent gate.
 30091 | Vaults:2 | Found a runed translucent gate.
 30092 | Vaults:2 | Identified the +0 war axe of Duty {drain, rPois MP-9 Str+3
                  | Stlth+}
 30092 | Vaults:2 | Identified the +12 plate armour of True Grit {+Fly}
 30092 | Vaults:2 | Identified the cursed +0 shield "Ylupsestu" {Dex+7}
 30095 | Vaults:2 | Identified the amulet "Vutafoce" {Spirit rElec rF+ Dex+5}
 30113 | Vaults:2 | Found a roughly hewn altar of Beogh.
 30137 | Vaults:2 | Killed Isedumueph's ghost
 30145 | Vaults:2 | Received a gift from Yredelemnul (a phantasmal warrior)
 30318 | Vaults:2 | Got a heavily runed hat
 30324 | Vaults:2 | Identified the +1 hat of the Loofah {rN+ Dex+4} (You found
                  | it on level 2 of the Vaults)
 30419 | Vaults:2 | Received a gift from Yredelemnul (a flayed ghost)
 30551 | Vaults:2 | Received a gift from Yredelemnul (a ghoul)
 30562 | Vaults:2 | Reached skill level 10 in Evocations
 30632 | Vaults:2 | Received a gift from Yredelemnul (a flayed ghost)
 31133 | Vaults:2 | Received a gift from Yredelemnul (a flayed ghost)
 31241 | Vaults:2 | Received a gift from Yredelemnul (a vampire knight)
 31936 | Vaults:3 | Reached XP level 18. HP: 171/171 MP: 26/26
 32046 | Vaults:3 | Reached skill level 18 in Fighting
 32086 | Vaults:3 | Received a gift from Yredelemnul (a skeletal warrior)
 32496 | Vaults:3 | Identified the +4 scale mail of the Shore {rElec rPois rF-}
                  | (You found it on level 3 of the Vaults)
 32552 | Vaults:3 | Noticed Mennas
 32611 | Vaults:3 | Killed Mennas
 32917 | Vaults:3 | Received a gift from Yredelemnul (a skeletal warrior)
 33657 | Vaults:3 | Found a staircase to the Crypt.
 33683 | Vaults:4 | Noticed Margery
 33691 | Vaults:4 | Killed Margery
 33698 | Vaults:4 | Received a gift from Yredelemnul (a skeletal warrior)
 33724 | Vaults:4 | Received a gift from Yredelemnul (a bone dragon)
 33937 | Vaults:4 | Received a gift from Yredelemnul (a profane servitor)
 33986 | Vaults:4 | Noticed Bai Suzhen
 34004 | Vaults:4 | Killed Bai Suzhen
 34199 | Vaults:4 | Found a glowing silver altar of Zin.
 34376 | Vaults:4 | Found Zaiqic's Weapon Shoppe.
 34467 | Vaults:4 | Noticed Jory
 34478 | Vaults:4 | Killed Jory
 34478 | Vaults:4 | Reached skill level 15 in Armour
 34614 | Vaults:4 | Received a gift from Yredelemnul (a phantasmal warrior)
 34619 | Vaults:4 | Reached XP level 19. HP: 181/181 MP: 27/27
 34627 | Vaults:4 | Reached skill level 15 in Shields
 34628 | Vaults:4 | Received a gift from Yredelemnul (a phantasmal warrior)
 35146 | Elf:1    | Entered Level 1 of the Elven Halls
 35157 | Elf:1    | Received a gift from Yredelemnul (a profane servitor)
 35307 | Elf:1    | Received a gift from Yredelemnul (a flayed ghost)
 35470 | Elf:1    | Found Ryopuex's Jewellery Boutique.
 35470 | Elf:1    | Found Etuss's Gadget Shoppe.
 35471 | Elf:1    | Found Botabav's Gadget Shoppe.
 35614 | Elf:1    | Received a gift from Yredelemnul (a vampire knight)
 36228 | Elf:2    | Reached skill level 19 in Fighting
 36234 | Elf:2    | Found a huge runed translucent gate.
 36234 | Elf:2    | Found a huge runed translucent gate.
 36235 | Elf:2    | Found a huge runed translucent gate.
 36236 | Elf:2    | Found a huge runed translucent gate.
 36240 | Elf:2    | Found a huge runed translucent gate.
 36251 | Elf:2    | Received a gift from Yredelemnul (a skeletal warrior)
 36297 | Elf:2    | Received a gift from Yredelemnul (a skeletal warrior)
 36616 | Elf:2    | Received a gift from Yredelemnul (a ghoul)
 37348 | Elf:3    | Entered Level 3 of the Elven Halls
 37493 | Elf:3    | Found a transporter.
 37502 | Elf:3    | Noticed Fingolfin's ghost (adept MiBe)
 37509 | Elf:3    | Found a transporter.
 37694 | Elf:3    | Received a gift from Yredelemnul (a ghoul)
 37930 | Elf:3    | Received a gift from Yredelemnul (a flayed ghost)
 37935 | Elf:3    | Noticed a Tzitzimitl
 38051 | Elf:3    | Identified the ring of Hesoshiz {Ice *Slow +Inv Int+3}
 38067 | Elf:3    | Identified the ring of Vatittiq {Ice rElec MR- Str+3}
 38135 | Elf:3    | Found the +7 sceptre of Torment {pain, torment}
 38148 | Elf:3    | Found the +3 giant club "Skullcrusher" {speed, Str+7}
 38154 | Elf:3    | Got a bronze crystal plate armour
 38165 | Elf:3    | Identified the cursed +0 crystal plate armour of the King
                  | of the Hill {rPois Dex+2 Stlth+} (You found it on level 3
                  | of the Elven Halls)
 38173 | Elf:3    | Identified Sif Muna's Catalogue of Earthen Enhancements
 38543 | Elf:3    | Received a gift from Yredelemnul (a vampire knight)
 38928 | Elf:3    | Received a gift from Yredelemnul (a flayed ghost)
 39059 | Elf:3    | Noticed an iron giant
 39061 | Elf:3    | Noticed a golden dragon
 39061 | Elf:3    | an iron giant changed into a golden dragon
 39067 | Elf:3    | Noticed a caustic shrike
 39128 | Elf:3    | Killed Fingolfin's ghost
 39133 | Elf:3    | Identified the +0 pair of gloves "Kedwiedgh" {*Drain +Blink
                  | +Fly Stlth-} (You found it on level 3 of the Elven Halls)
 39475 | Elf:3    | Identified the +3 mace of Chaos {vamp, *Slow MR+ Dex+3}
                  | (You found it on level 3 of the Elven Halls)
 39555 | Elf:2    | Reached skill level 1 in Maces & Flails
 39803 | Shoals:1 | Entered Level 1 of the Shoals
 39819 | Shoals:1 | Reached XP level 20. HP: 191/191 MP: 28/28
 39855 | Shoals:1 | Received a gift from Yredelemnul (a skeletal warrior)
 39950 | Shoals:1 | Received a gift from Yredelemnul (a skeletal warrior)
 40066 | Shoals:1 | Reached skill level 5 in Maces & Flails
 40229 | Shoals:1 | Found a shattered altar of Ashenzari.
 40353 | Shoals:1 | Received a gift from Yredelemnul (a phantasmal warrior)
 40391 | Shoals:1 | Received a gift from Yredelemnul (a skeletal warrior)
 40607 | Shoals:2 | Received a gift from Yredelemnul (a flayed ghost)
 40613 | Shoals:2 | Noticed Ilsuiw
 40643 | Shoals:2 | Killed Ilsuiw
 40646 | Shoals:2 | Received a gift from Yredelemnul (a vampire)
 40874 | Shoals:2 | Received a gift from Yredelemnul (a ghoul)
 40887 | Shoals:2 | Found a transporter.
 41343 | Shoals:2 | Reached skill level 10 in Maces & Flails
 41352 | Shoals:2 | Found a transporter.
 41528 | Shoals:3 | Received a gift from Yredelemnul (a flayed ghost)
 41666 | Shoals:3 | Received a gift from Yredelemnul (a vampire knight)
 41981 | Shoals:4 | Entered Level 4 of the Shoals
 42040 | Shoals:4 | Received a gift from Yredelemnul (a ghoul)
 42105 | Shoals:4 | Received a gift from Yredelemnul (a phantasmal warrior)
 42114 | Shoals:4 | Got a barnacled rune of Zot
 42179 | Shoals:4 | Killed Roxanne
 42240 | Shoals:4 | Received a gift from Yredelemnul (a skeletal warrior)
 42294 | Shoals:4 | Cast into level 2 of the Abyss (merfolk impaler)
 42377 | Abyss:2  | Received a gift from Yredelemnul (a ghoul)
 42409 | Shoals:4 | Escaped the Abyss
 43611 | Vaults:5 | Entered Level 5 of the Vaults
 43617 | Vaults:5 | Received a gift from Yredelemnul (a vampire)
 43617 | Vaults:5 | Received a gift from Yredelemnul (a phantasmal warrior)
 43625 | Vaults:5 | Reached XP level 21. HP: 136/199 MP: 29/29
 43626 | Vaults:5 | Reached skill level 15 in Maces & Flails
 43628 | Vaults:5 | Received a gift from Yredelemnul (a flayed ghost)
 43637 | Vaults:5 | Noticed a golden dragon
 43657 | Vaults:5 | Killed a golden dragon
 43685 | Vaults:5 | Noticed a golden dragon
 43693 | Vaults:5 | Noticed an ancient lich
 43697 | Vaults:5 | Noticed a golden dragon
 43697 | Vaults:5 | Identified the amulet of Orthodoxy {+Rage rN+ Str+2}
 43699 | Vaults:5 | Killed a golden dragon
 43701 | Vaults:5 | Received a gift from Yredelemnul (a ghoul)
 43708 | Vaults:5 | Noticed an ancient lich
 43709 | Vaults:5 | Received a gift from Yredelemnul (a flayed ghost)
 43711 | Vaults:5 | Killed a golden dragon
 43718 | Vaults:5 | Received a gift from Yredelemnul (a vampire knight)
 43727 | Vaults:5 | Received a gift from Yredelemnul (a bone dragon)
 43732 | Vaults:5 | Reached skill level 15 in Dodging
 43732 | Vaults:5 | Received a gift from Yredelemnul (a phantasmal warrior)
 44065 | Vaults:4 | Killed an ancient lich
 44630 | Vaults:5 | Received a gift from Yredelemnul (a bone dragon)
 44636 | Vaults:4 | Reached skill level 20 in Fighting
 44651 | Vaults:4 | Killed an ancient lich
 44973 | Vaults:5 | Identified the Disquisition on Evil Toxins
 45207 | Vaults:5 | Got a fine brass ring
 45224 | Vaults:5 | Identified the ring of Vuecky {AC+2 Int+2} (You found it on
                  | level 5 of the Vaults)
 45226 | Vaults:5 | Got a flickering lead amulet
 45382 | Vaults:5 | Identified the amulet of the Komtur {Faith Fragile rElec
                  | Dex+5} (You found it on level 5 of the Vaults)
 45436 | Vaults:5 | Got a shimmering glass ring
 45520 | Vaults:5 | Got a silver rune of Zot
 46160 | D:6      | Fell from the grace of Yredelemnul
 46160 | D:6      | Became a worshipper of the Shining One
 46844 | Crypt:1  | Entered Level 1 of the Crypt
 46907 | Crypt:1  | Reached XP level 22. HP: 137/209 MP: 30/30
 47091 | Crypt:1  | Reached * piety under the Shining One
 47205 | Crypt:1  | Identified the ring "Huqa" {+Fly rC+++ MR+ Str+2 Int-5}
                  | (You found it on level 5 of the Vaults)
 47290 | Crypt:1  | Reached ** piety under the Shining One
 47371 | Crypt:1  | Reached *** piety under the Shining One
 47445 | Crypt:1  | Found an ancient bone altar of Kikubaaqudgha.
 47509 | Crypt:1  | Noticed Boris
 47522 | Crypt:1  | Killed Boris
 47560 | Crypt:1  | Reached **** piety under the Shining One
 47952 | Crypt:2  | Reached ***** piety under the Shining One
 48368 | Crypt:2  | Reached ****** piety under the Shining One
 48502 | Crypt:2  | Identified a +9 eudemon blade of holy wrath (a +9 demon
                  | blade of electrocution blessed by the Shining One)
 48502 | Crypt:2  | Received a gift from the Shining One
 48672 | Crypt:3  | Entered Level 3 of the Crypt
 49166 | Crypt:3  | Found a shimmering altar of Xom.
 49166 | Crypt:3  | Noticed an ancient lich
 49179 | Crypt:3  | Killed an ancient lich
 49221 | Crypt:3  | Identified the ring of Xom's Hatred {rElec rPois rF- MR+
                  | Stlth+} (You found it on level 3 of the Crypt)
 49884 | Crypt:3  | Found a staircase to the Tomb.
 50197 | Depths:1 | Entered Level 1 of the Depths
 50279 | Depths:1 | Reached XP level 23. HP: 145/217 MP: 32/32
 50823 | Depths:1 | Identified the ring of Gid Onau {rF- rC+ Str+2 Dex+5} (You
                  | acquired it on level 1 of the Depths)
 50828 | Depths:1 | Found Movesch's Assorted Antiques.
 50902 | Depths:1 | Found a gateway to Hell.
 51536 | Depths:1 | Found a glowing silver altar of Zin.
 51948 | Depths:2 | Found a corrupted altar of Lugonu.
 51950 | Depths:2 | Found a one-way gate to the infinite horrors of the Abyss.
 52140 | Depths:2 | Reached skill level 21 in Fighting
 52220 | Depths:2 | Found Puvi's Assorted Antiques.
 52742 | Depths:2 | Paralysed by a great orb of eyes for 5 turns
 53189 | Depths:2 | Noticed a caustic shrike
 53190 | Depths:2 | Noticed a caustic shrike
 53203 | Depths:2 | Killed a caustic shrike
 53240 | Depths:2 | Killed a caustic shrike
 54349 | Depths:3 | Noticed Mara
 54380 | Depths:3 | Noticed Ratty's illusion
 54420 | Depths:3 | Noticed Ratty's illusion
 54643 | Depths:3 | Noticed Ratty's illusion
 54657 | Depths:2 | Noticed Ratty's illusion
 54692 | Depths:2 | Noticed Ratty's illusion
 54700 | Depths:2 | Killed Mara
 54700 | Depths:2 | Reached XP level 24. HP: 81/227 MP: 32/32
 55150 | Depths:3 | Found a snail-covered altar of Cheibriados.
 55280 | Depths:3 | Found a sacrificial altar of Ru.
 55541 | Depths:3 | Found a basalt altar of Yredelemnul.
 55691 | Depths:3 | Found a shimmering blue altar of Sif Muna.
 55691 | Depths:3 | Found a one-way gate leading to the halls of Pandemonium.
 55780 | Depths:3 | Reached skill level 15 in Invocations
 56018 | Depths:3 | Was forgiven by Yredelemnul
 56313 | Depths:3 | Identified the +8 short sword of the Vase {pierce, rF+ rN+}
 56337 | Depths:3 | Identified the amulet "Jyedimp" {Reflect rF+ Slay+3 SH+3}
                  | (You found it on level 3 of the Depths)
 57313 | Depths:4 | Found a huge runed gate.
 57313 | Depths:4 | Found a huge runed gate.
 57313 | Depths:4 | Found a huge runed gate.
 57313 | Depths:4 | Found a huge runed gate.
 57314 | Depths:4 | Found a huge runed gate.
 57314 | Depths:4 | Found a huge runed gate.
 57315 | Depths:4 | Found a huge runed gate.
 57315 | Depths:4 | Found a huge runed gate.
 57532 | Depths:4 | Found a gateway to a ziggurat.
 57716 | Depths:4 | You fall into a shaft and drop 1 floor!
 57716 | Depths:5 | Entered Level 5 of the Depths
 57725 | Depths:5 | Reached skill level 22 in Fighting
 57841 | Depths:4 | Found a huge runed gate.
 57842 | Depths:4 | Found a huge runed gate.
 57843 | Depths:4 | Found a huge runed gate.
 57847 | Depths:4 | Found a huge runed gate.
 57848 | Depths:4 | Found a huge runed gate.
 57849 | Depths:4 | Found a huge runed gate.
 57850 | Depths:4 | Found a huge runed gate.
 58076 | Depths:4 | Found a huge runed gate.
 58237 | Depths:4 | Noticed a juggernaut
 58666 | Depths:5 | Reached XP level 25. HP: 210/238 MP: 33/33
 58959 | Depths:5 | Paralysed by a great orb of eyes for 5 turns
 59421 | Depths:5 | Found a gate to the Realm of Zot.
 59778 | Depths:5 | Killed a juggernaut
 59998 | Depths:1 | Fell from the grace of the Shining One
 59998 | Depths:1 | Became a worshipper of Zin the Law-Giver
 59998 | Depths:1 | Reached * piety under Zin
 59998 | Depths:1 | Reached ** piety under Zin
 59998 | Depths:1 | Reached *** piety under Zin
 59998 | Depths:1 | Reached **** piety under Zin
 59998 | Depths:1 | Reached ***** piety under Zin
 60238 | Depths:2 | Voluntarily entered the Abyss.
 60255 | Abyss:1  | Got a slimy glass ring
 60273 | Abyss:1  | Identified the ring of Xom's Wrath {+Fly rPois rC+++ rN+
                  | Str-4 Stlth+} (You acquired it on level 1 of the Abyss)
 60674 | Abyss:3  | Reached ****** piety under Zin
 61398 | Abyss:3  | Paralysed by accursed screaming for 2 turns
 61678 | Abyss:3  | Found a shadowy altar of Dithmenos.
 61678 | Abyss:3  | Found a stormy altar of Qazlal.
 61678 | Abyss:3  | Found a white marble altar of Elyvilon.
 61678 | Abyss:3  | Found a hide-covered altar of Uskayaw.
 61678 | Abyss:3  | Found a bloodstained altar of Trog.
 61678 | Abyss:3  | Found a basalt altar of Yredelemnul.
 61678 | Abyss:3  | Found a hazy altar of Hepliaklqana.
 61678 | Abyss:3  | Found a snail-covered altar of Cheibriados.
 61678 | Abyss:3  | Found a burning altar of Makhleb.
 61678 | Abyss:3  | Found a shimmering blue altar of Sif Muna.
 61680 | Abyss:3  | Found an opulent altar of Gozag.
 61682 | Abyss:3  | Found an iron altar of Okawaru.
 61682 | Abyss:3  | Found a shimmering altar of Xom.
 61682 | Abyss:3  | Found a blossoming altar of Fedhas.
 61684 | Abyss:3  | Found a radiant altar of Vehumet.
 61684 | Abyss:3  | Found a shattered altar of Ashenzari.
 61684 | Abyss:3  | Found a glowing silver altar of Zin.
 61684 | Abyss:3  | Found a glowing golden altar of the Shining One.
 61686 | Abyss:3  | Found a sparkling altar of Nemelex Xobeh.
 61686 | Abyss:3  | Found a glowing golden altar of the Shining One.
 61686 | Abyss:3  | Found an ornate altar of the Wu Jian Council.
 61749 | Abyss:3  | Found a bloodstained altar of Trog.
 61749 | Abyss:3  | Found a basalt altar of Yredelemnul.
 61832 | Abyss:3  | Noticed an ancient lich
 61833 | Abyss:3  | Found a shadowy altar of Dithmenos.
 61833 | Abyss:3  | Found a basalt altar of Yredelemnul.
 61843 | Abyss:3  | Killed an ancient lich
 61877 | Abyss:3  | Found a hazy altar of Hepliaklqana.
 61877 | Abyss:3  | Found a shimmering blue altar of Sif Muna.
 61889 | Abyss:3  | Found a bloodstained altar of Trog.
 61889 | Abyss:3  | Found a hazy altar of Hepliaklqana.
 61990 | Abyss:3  | Found a transporter.
 62052 | Abyss:3  | Noticed an ancient lich
 62062 | Abyss:3  | HP: 11/240 [??? (3)]
 62063 | Abyss:3  | Zin protects you from harm!
 62080 | Abyss:3  | Found a transporter.
 62087 | Abyss:3  | Got an abyssal rune of Zot
 62101 | Abyss:3  | HP: 6/240 [hellion/damnation (18)]
 62670 | Abyss:3  | Paralysed by accursed screaming for 1 turns
 62882 | Abyss:3  | Paralysed by accursed screaming for 1 turns
 63403 | Abyss:3  | Paralysed by you for 5 turns
 63646 | Depths:2 | Escaped the Abyss
 63841 | Depths:2 | Voluntarily entered the Abyss.
 63850 | Abyss:1  | Found a corrupted altar of Lugonu.
 63880 | Abyss:1  | Reached XP level 26. HP: 201/249 MP: 34/34
 63934 | Depths:2 | Escaped the Abyss
 64092 | Depths:2 | Voluntarily entered the Abyss.
 64226 | Depths:2 | Escaped the Abyss
 64227 | Depths:2 | Upgraded the game from 0.25-a0-178-gc9f82b1288 to
                  | 0.25-a0-185-g6cfeca75b2
 64228 | Depths:2 | Voluntarily entered the Abyss.
 64259 | Abyss:1  | Found a corrupted altar of Lugonu.
 64259 | Abyss:1  | Found a corrupted altar of Lugonu.
 64548 | Abyss:1  | Reached skill level 23 in Fighting
 64555 | Abyss:1  | Identified the +1 flail of the Philosopher {freeze, rPois
                  | Str-4 Int+3 Dex+4} (You found it on level 1 of the Abyss)
 65152 | Abyss:2  | Found a corrupted altar of Lugonu.
 65298 | Depths:2 | Escaped the Abyss
 65300 | Depths:2 | Voluntarily entered the Abyss.
 65678 | Depths:2 | Escaped the Abyss
 65793 | Depths:2 | Voluntarily entered the Abyss.
 66091 | Abyss:1  | Reached skill level 15 in Evocations
 66484 | Depths:2 | Escaped the Abyss
 66624 | Depths:2 | Voluntarily entered the Abyss.
 66719 | Abyss:1  | Paralysed by you for 3 turns
 66957 | Abyss:1  | Found a corrupted altar of Lugonu.
 66972 | Abyss:1  | Found an opulent altar of Gozag.
 66995 | Abyss:1  | Found a shadowy altar of Dithmenos.
 67217 | Depths:2 | Escaped the Abyss
 67273 | Depths:2 | Voluntarily entered the Abyss.
 67545 | Depths:2 | Escaped the Abyss
 67547 | Depths:2 | Voluntarily entered the Abyss.
 68212 | Abyss:1  | Found a corrupted altar of Lugonu.
 68389 | Depths:2 | Escaped the Abyss
 68391 | Depths:2 | Voluntarily entered the Abyss.
 68455 | Abyss:1  | Reached XP level 27. HP: 257/257 MP: 34/34
 69226 | Abyss:1  | Paralysed by accursed screaming for 2 turns
 69301 | Depths:2 | Escaped the Abyss
 69358 | Depths:2 | Voluntarily entered the Abyss.
 69439 | Abyss:1  | Found a hide-covered altar of Uskayaw.
 69880 | Depths:2 | Escaped the Abyss
 70072 | Depths:2 | Voluntarily entered the Abyss.
 70232 | Abyss:1  | Found a corrupted altar of Lugonu.
 70292 | Abyss:1  | Found a corrupted altar of Lugonu.
 71202 | Depths:2 | Escaped the Abyss
 71360 | Depths:2 | Voluntarily entered the Abyss.
 71776 | Abyss:1  | Found a corrupted altar of Lugonu.
 72185 | Abyss:1  | Noticed an ancient lich
 72193 | Abyss:1  | Killed an ancient lich
 72683 | Abyss:1  | Found an ancient bone altar of Kikubaaqudgha.
 72903 | Abyss:1  | Reached skill level 24 in Fighting
 73288 | Depths:2 | Escaped the Abyss
 73470 | Depths:2 | Voluntarily entered the Abyss.
 73596 | Abyss:1  | Found a shadowy altar of Dithmenos.
 73646 | Abyss:1  | Found a corrupted altar of Lugonu.
 73909 | Abyss:1  | Found a corrupted altar of Lugonu.
 74060 | Abyss:1  | Found a corrupted altar of Lugonu.
 74168 | Abyss:1  | Found a corrupted altar of Lugonu.
 74847 | Abyss:1  | Found a viscous altar of Jiyva.
 76577 | Depths:2 | Escaped the Abyss
 76609 | Depths:2 | Voluntarily entered the Abyss.
 76611 | Abyss:1  | Found a corrupted altar of Lugonu.
 77335 | Abyss:1  | Found a corrupted altar of Lugonu.
 77890 | Abyss:1  | Paralysed by accursed screaming for 1 turns
 78245 | Abyss:1  | Found a corrupted altar of Lugonu.
 78809 | Depths:2 | Escaped the Abyss
 78811 | Depths:2 | Voluntarily entered the Abyss.
 78812 | Abyss:1  | Found a corrupted altar of Lugonu.
 78847 | Abyss:1  | Noticed an ancient lich
 78855 | Abyss:1  | Killed an ancient lich
 79119 | Depths:2 | Escaped the Abyss
 79204 | Hell     | Entered the Vestibule of Hell
 79204 | Hell     | Noticed Geryon
 79215 | Hell     | Killed Geryon
 79310 | Hell     | Found a gateway to the freezing wastes of Cocytus.
 79452 | Hell     | Found a gateway to the decaying netherworld of Tartarus.
 79512 | Hell     | Found a gateway to the ashen valley of Gehenna.
 79588 | Hell     | Found a gateway to the Iron City of Dis.
 79641 | Geh:1    | Entered Level 1 of Gehenna
 79887 | Geh:1    | Reached skill level 25 in Fighting
 84927 | Slime:1  | Entered Level 1 of the Pits of Slime
 85681 | Zot:1    | Entered Level 1 of the Realm of Zot
 85928 | Zot:1    | Noticed an orb of fire
 85945 | Zot:1    | Killed an orb of fire
 88284 | Zot:3    | Identified the ring of Lady Luck {Ice Slay+3} (You found it
                  | on level 3 of the Realm of Zot)
 89828 | Zot:4    | Reached skill level 26 in Fighting
 89859 | Zot:4    | Noticed an ancient lich
 89872 | Zot:4    | Killed an ancient lich
 89881 | Zot:4    | Noticed an ancient lich
 89906 | Zot:4    | Killed an ancient lich
 90050 | Zot:4    | Found a runed translucent gate.
 90050 | Zot:4    | Found a runed translucent gate.
 90050 | Zot:4    | Found a runed translucent gate.
 90050 | Zot:4    | Noticed Dufehei's ghost (legendary TrGl)
 90051 | Zot:4    | Noticed Ratty's ghost (master MiFi)
 90404 | Zot:5    | Entered Level 5 of the Realm of Zot
 90886 | Zot:5    | Noticed an orb of fire
 90887 | Zot:5    | Noticed an ancient lich
 90901 | Zot:5    | Killed an orb of fire
 90905 | Zot:5    | Killed an ancient lich
 90907 | Zot:5    | Noticed an ancient lich
 90914 | Zot:5    | Killed an ancient lich
 91069 | Zot:5    | Noticed an orb of fire
 91142 | Zot:5    | Killed an orb of fire
 91647 | Zot:5    | Noticed an ancient lich
 91670 | Zot:5    | Killed an ancient lich
 92079 | Zot:5    | Noticed an ancient lich
 92088 | Zot:5    | Killed an ancient lich
 92106 | Zot:5    | Noticed an orb of fire
 92128 | Zot:5    | Killed an orb of fire
 92516 | Zot:5    | Noticed an ancient lich
 92529 | Zot:5    | Killed an ancient lich
 92724 | Zot:5    | Noticed an ancient lich
 92733 | Zot:5    | Killed an ancient lich
 92900 | Zot:5    | Got the Orb of Zot
 93540 | D:$      | Escaped with the Orb!

Levels and vault maps discovered:
D:1:      dpeg_arrival_arbitrary_c, layout_rooms
D:2:      layout_rooms
D:3:      layout_rooms, gammafunk_temple_overflow_wave
D:4:      layout_cave_pods, first_ration, minmay_vboxes, uniq_edmund
D:5:      corexii_shack_village, layout_basic, gammafunk_ghost_nasty_kobolds,
          uniq_menkaure
D:6:      minmay_cornered_nines, layout_loops_ring,
          grunt_temple_overflow_holy_war, chequers_serial_rivers_small_b
D:7:      layout_cave_pods, lemuel_zombie_altar_kikubaaqudgha,
          nicolae_ru_path_of_blood, minmay_temple_entry_nine_rooms, the_bakery
D:8:      layout_basic, fedhas_altar_4
D:9:      layout_roguey, lemuel_coloured_pillars_altar,
          nicolae_qazlal_style_of_elements,
          kennysheep_orc_monster_closet_entryway, serial_ice, serial_ice_d,
          serial_ice_c, serial_ice_a, serial_ice_h, serial_ice_b, serial_ice_f,
          worms_lemuel
D:10:     layout_loops_ring, serial_shops, shop
D:11:     layout_stronghold, david_lair_shrubbed
D:12:     layout_irregular_city, minmay_crystal_water
D:13:     layout_cave_pools, serial_shops, nicolae_shop_trees, uniq_maurice
D:14:     layout_rooms, erik_vaults_1, roderic_roman_lattice, serial_shops,
          shop, library_closet
D:15:     grunt_enter_depths_giant_problem, layout_loops_ring,
          lemuel_doored_altar
Lair:1:   layout_roguey
Lair:2:   layout_cave_pods, minmay_shoals_entry_lonely_mermaid,
          minmay_snake_entry_six_corridors, portal_ice_cave_demonic_guard,
          infiniplex_staircase_pool_2
Lair:3:   layout_loops_ring, grunt_forest_large_clearings, lemuel_fruit_fields,
          minmay_lair_oklob_chamber, serial_bayou_shore_b, lemuel_fruit_tree,
          grunt_megastairs_2
Lair:4:   layout_gridlike, minivault_11, st_stairs_8
Lair:5:   layout_roguey [special_room_bee], chequers_serial_rivers_large_a
Lair:6:   hangedman_lair_tendril_chambers, layout_cave_pods, wormcave,
          slime_altar_1
Shoals:1: layout_shoals, wheals_shoals_ruined_temple
Shoals:2: gammafunk_the_bubble [the_bubble_gammafunk_crates], layout_shoals,
          uniq_ilsuiw
Shoals:3: layout_shoals
Shoals:4: shoals_end_simple, layout_shoals, shoals_ilsuiw_ice, uniq_roxanne
Snake:1:  layout_basic
Snake:2:  layout_grid_maze, serial_shops, shop, statue_in_the_mist_lemuel
Snake:3:  layout_onion, st_stairs_10, guppyfry_snake_island, uniq_vashnia
Snake:4:  grunt_snake_rune_pools, layout_grid_shapes,
          gammafunk_ghost_berserking_beasts, grunt_megastairs_4
Slime:1:  layout_caves
Orc:1:    layout_caves, serial_shops, nicolae_shop_behind_doors
Orc:2:    kennysheep_orc_mage_school, layout_caves
Elf:1:    elf_arrival_002, layout_geoelf_octagon, minmay_shop_grove
Elf:2:    layout_onion_city, minmay_curled_crystal, lemuel_flamethrower_hall,
          lemuel_elevator
Elf:3:    minmay_elf_hall_curves, layout_onion_city,
          gammafunk_ghost_berserking_beasts, dk_noncrumbling_4, minivault_27
Vaults:1: v_misc_29, vaults_standard_mumra_x, v_alt_pattern_1,
          grunt_vaults_twisty, grunt_vaults_swirl, vaults_room_grid,
          ontoclasm_vaults_pinch, dpeg_vaults_monster_box, v_rooms_1,
          layout_vaults_big_cross, uniq_aizul
Vaults:2: biasface_vaults_ghost_orc_armoury, hangedman_vaults_river_flow,
          hangedman_vaults_nodes, v_misc_4, v_misc_2, vaults_room_hallway,
          st_octagons_2, ontoclasm_vaults_tryst, v_pattern_3,
          ontoclasm_vaults_ring_large, vaults_mumra_chevron,
          vaults_dpeg_encased_lava, v_rooms_4, serial_ice_m,
          layout_vaults_omnibox, uniq_boris
Vaults:3: hangedman_vaults_hat, dpeg_vaults_waves,
          minmay_crypt_entry_vampire_xt, ontoclasm_vaults_chip, v_misc_27,
          nicolae_vaults_alarming, v_misc_18, nicolae_vaults_little_squares_3,
          layout_vaults_omnigrid, uniq_mennas
Vaults:4: v_alt_pattern_1, serial_ice_g, nicolae_vaults_ninety_degrees,
          nicolae_vaults_big_angled_halls, hangedman_vaults_trim,
          nicolae_vaults_three_branches, vaults_room_fours,
          nicolae_vaults_twisting_passages, v_misc_4,
          nicolae_vaults_circle_grid_a, vaults_dpeg_cross,
          hangedman_vaults_stretched_pinwheel, nicolae_vaults_circle_grid_b,
          ontoclasm_vaults_misaligned, layout_vaults_maze_snakey, basic_altar,
          serial_shops, shop, uniq_bai_suzhen, uniq_margery, uniq_jory
Vaults:5
Crypt:1:  layout_gridlike, weyrava_vampire_temple
Crypt:2:  layout_chaotic_city
Crypt:3:  cryptofortress_bobbens
Depths:1: evilmike_silver_temple, layout_cave_shapes, serial_shops,
          nicolae_shop_trees, pf_hell_entry_tar_spiral,
          hangedman_abyss_or_decor_passed, item_on_display_a,
          serial_bayou_shore_b
Depths:2: minmay_the_grid_triangle_9x9_line_8_mashed
          [minmay_the_grid_triangle_9x9_skeleton,
          minmay_the_grid_triangle_9x9_thin_v,
          minmay_the_grid_triangle_9x9_intruding_spiral,
          minmay_the_grid_triangle_9x9_flanged_cone,
          minmay_the_grid_triangle_9x9_descending_squares,
          minmay_the_grid_triangle_9x9_steps,
          minmay_the_grid_triangle_9x9_checkered,
          minmay_the_grid_triangle_9x9_prize_center], layout_gridlike,
          abyss_entry_flame_altar, hell_entry, nrook_uturn, serial_shops,
          shop_fountains, minmay_staircase_bubble
Depths:3: grunt_profane_halls [grunt_profane_temple_tar,
          grunt_profane_temple_dis, grunt_profane_temple_coc,
          grunt_profane_temple_geh, grunt_profane_loot], pan_entry, hell_entry,
          uniq_mara
Depths:4: lemuel_flame_loot_2, layout_honeycomb, enter_ziggurat_a,
          abyss_entry_crystal, hex_tiny, grunt_pan_entry_spiral, pf_coc_iceberg,
          door_vault
Depths:5: evilmike_zot_entry_hall, layout_gridlike,
          minmay_misc_feat_secret_circle, rand_demon_pan_entry_8, hell_entry
Hell
Geh:1:    layout_gehenna_pools_box, grunt_megastairs_5
Geh:2:    layout_gehenna_pools_triple
Geh:3:    layout_gehenna_lava_caves
Geh:4:    layout_gehenna_pools_triple
Zot:1:    nicolae_moth_party, layout_misc_corridors
Zot:2:    layout_onion_interference
Zot:3:    layout_basic, st_single_dragon_hoard_2
Zot:4:    kennysheep_ambush_hall, layout_misc_corridors,
          gammafunk_ghost_cemetery, hangedman_snap_crack_crunch
Zot:5:    layout_misc_corridors

Skill      XL: |  1  2  3  4  5  6  7  8  9 10 11 12 13 14 15 16 17 18 19 20 21 22 23 24 25 26 27 |
---------------+----------------------------------------------------------------------------------+-----
Fighting       | 4 6 7 8 10 12 13 14 15 16 17 18 19 20 21 22 23 26 | 26.7
Long Blades    | 3 4 5 6 8 10 12 13 14 15 16 17 18 19 20 24 | 24.4
Invocations    | 3 5 8 9 11 12 13 14 15 16 17 20 | 20.8
Dodging        | 2 4 5 7 8 9 11 12 13 14 15 16 17 18 19 23 | 23.0
Shields        | 4 6 7 9 10 11 12 13 14 16 17 18 19 20 21 24 | 24.9
Armour         | 4 6 7 9 10 11 12 13 15 16 17 18 19 20 21 24 | 24.9
Evocations     | 1 3 4 6 7 8 9 10 11 12 13 14 15 18 | 18.9
Maces & Flails | 1 14 16 | 16.0

Action                   |  1- 3 |  4- 6 |  7- 9 | 10-12 | 13-15 | 16-18 | 19-21 | 22-24 | 25-27 || total
-------------------------+-------+-------+-------+-------+-------+-------+-------+-------+-------++-------
Melee: Long sword        |    74 |    62 |       |       |       |       |       |       |       ||   136
       Headbutt          |    16 |    17 |    69 |   109 |   161 |   263 |   222 |   826 |  2252 ||  3935
       Flail             |       |    24 |   353 |   131 |       |       |       |       |       ||   508
       Scimitar          |       |       |       |   407 |   409 |       |    24 |   339 |       ||  1179
       Demon blade       |       |       |       |       |   268 |   710 |   671 |       |       ||  1649
       Eveningstar       |       |       |       |       |       |       |    81 |       |       ||    81
       Eudemon blade     |       |       |       |       |       |       |       |  1667 |  5637 ||  7304
Invok: Animate Remains   |       |       |     6 |     2 |       |       |       |       |       ||     8
       Animate Dead      |       |       |       |    24 |    48 |    23 |    16 |       |       ||   111
       Recall Undead Sla |       |       |       |     9 |    11 |     6 |    13 |       |       ||    39
       Drain Life        |       |       |       |     2 |     1 |     1 |     9 |       |       ||    13
       Cleansing Flame   |       |       |       |       |       |       |       |    11 |       ||    11
       Brand Weapon With |       |       |       |       |       |       |       |     1 |       ||     1
       Recite            |       |       |       |       |       |       |       |       |    15 ||    15
       Vitalisation      |       |       |       |       |       |       |       |       |    13 ||    13
       Sanctuary         |       |       |       |       |       |       |       |       |     1 ||     1
 Abil: Evoke Blink       |       |       |       |       |       |       |     1 |       |       ||     1
       Evoke Flight      |       |       |       |       |       |       |     1 |       |       ||     1
Evoke: Wand              |       |       |       |     1 |       |       |       |     2 |    11 ||    14
       Lightning rod     |       |       |       |       |       |     5 |       |       |       ||     5
       Lamp of fire      |       |       |       |       |       |       |     1 |       |       ||     1
       Sack of spiders   |       |       |       |       |       |       |       |       |     3 ||     3
  Use: Scroll            |       |     1 |    10 |    11 |    20 |     9 |    26 |    15 |    19 ||   111
       Potion            |       |     1 |       |     2 |       |     1 |       |     2 |    10 ||    16
 Stab: Distracted        |       |       |       |     2 |     8 |    20 |    11 |       |     8 ||    49
       Paralysed         |       |       |       |       |       |     4 |     1 |       |     3 ||     8
       Confused          |       |       |       |       |       |       |       |       |    31 ||    31
  Eat: Chunk             |       |     2 |    12 |    18 |    12 |    11 |    22 |    14 |    33 ||   124
       Ration            |       |       |     3 |     8 |    13 |     8 |     9 |     8 |    24 ||    73
Armor: Scale mail        |    32 |       |       |       |       |       |       |       |       ||    32
       Chain mail        |     2 |    49 |   296 |   220 |   215 |    61 |       |       |       ||   843
       Plate armour      |       |       |       |       |       |   144 |   247 |       |       ||   391
       Crystal plate arm |       |       |       |       |       |       |    48 |       |       ||    48
       Gold dragon scale |       |       |       |       |       |       |    13 |   832 |   926 ||  1771
Dodge: Dodged            |    34 |     9 |    85 |   144 |   223 |   196 |   333 |   662 |  1484 ||  3170
Block: Shield            |    52 |    42 |   241 |   269 |   348 |   265 |       |       |       ||  1217
       Large shield      |       |       |       |       |       |   120 |   862 |  2318 |  4560 ||  7860
       Reflection        |       |       |       |       |       |       |       |    67 |       ||    67
       Rpst.: Long sword |     9 |     1 |       |       |       |       |       |       |       ||    10
       Scimitar          |       |       |       |    27 |    35 |       |       |    18 |       ||    80
       Demon blade       |       |       |       |       |    10 |    40 |    34 |       |       ||    84
       Eudemon blade     |       |       |       |       |       |       |       |    99 |   223 ||   322

Table legend:
 A = Non-vault XP
 B = Vault XP
 C = Vault XP percentage of total XP
 D = Non-vault monster count
 E = Vault monster count
 F = Vault count percentage of total count
                 A         B        C        D         E       F
            +---------+---------+-------+---------+---------+-------
      Total | 1606679 |  952575 |  37.2 |    3017 |    1156 |  27.7
            +---------+---------+-------+---------+---------+-------
        D:1 |      55 |       0 |   0.0 |      25 |       0 |   0.0
        D:2 |      70 |       0 |   0.0 |      17 |       0 |   0.0
        D:3 |      32 |       0 |   0.0 |      10 |       0 |   0.0
        D:4 |     653 |     208 |  24.2 |      17 |       3 |  15.0
        D:5 |     418 |     182 |  30.3 |      17 |       7 |  29.2
        D:6 |     557 |       0 |   0.0 |      15 |       0 |   0.0
        D:7 |    1190 |     225 |  15.9 |      26 |       4 |  13.3
        D:8 |    1315 |       0 |   0.0 |      39 |       0 |   0.0
        D:9 |    1264 |    1511 |  54.5 |      26 |      31 |  54.4
       D:10 |    1370 |       0 |   0.0 |      27 |       0 |   0.0
       D:11 |    2872 |     186 |   6.1 |      22 |       1 |   4.3
       D:12 |    3348 |       0 |   0.0 |      19 |       0 |   0.0
       D:13 |    4040 |     255 |   5.9 |      32 |       1 |   3.0
       D:14 |    3446 |    1130 |  24.7 |      19 |       2 |   9.5
       D:15 |    9698 |    1093 |  10.1 |      35 |       1 |   2.8
     Lair:1 |    5400 |       0 |   0.0 |      33 |       0 |   0.0
     Lair:2 |    1428 |    1996 |  58.3 |       7 |      16 |  69.6
     Lair:3 |     839 |    6438 |  88.5 |       4 |      48 |  92.3
     Lair:4 |    5436 |     131 |   2.4 |      25 |       1 |   3.8
     Lair:5 |    3576 |    2139 |  37.4 |      19 |      26 |  57.8
     Lair:6 |   13169 |   12126 |  47.9 |      47 |      51 |  52.0
   Shoals:1 |   18066 |    2499 |  12.2 |      40 |       4 |   9.1
   Shoals:2 |   15633 |    7587 |  32.7 |      40 |      20 |  33.3
   Shoals:3 |   11876 |       0 |   0.0 |      35 |       0 |   0.0
   Shoals:4 |    8780 |   17431 |  66.5 |      28 |      37 |  56.9
    Snake:1 |   13363 |       0 |   0.0 |      33 |       0 |   0.0
    Snake:2 |   10759 |       0 |   0.0 |      29 |       0 |   0.0
    Snake:3 |   13038 |    8701 |  40.0 |      35 |      11 |  23.9
    Snake:4 |   12373 |   28342 |  69.6 |      31 |      72 |  69.9
    Slime:1 |    9506 |       0 |   0.0 |      15 |       0 |   0.0
      Orc:1 |    2555 |       0 |   0.0 |      24 |       0 |   0.0
      Orc:2 |     890 |    5981 |  87.0 |      22 |      34 |  60.7
      Elf:1 |   15591 |    1811 |  10.4 |      33 |       5 |  13.2
      Elf:2 |    9405 |   17592 |  65.2 |      21 |      31 |  59.6
      Elf:3 |   13438 |   32293 |  70.6 |      26 |      43 |  62.3
   Vaults:1 |   10284 |   13810 |  57.3 |      23 |      29 |  55.8
   Vaults:2 |   24469 |   41526 |  62.9 |      48 |      69 |  59.0
   Vaults:3 |   25601 |   25316 |  49.7 |      50 |      31 |  38.3
   Vaults:4 |   47481 |   38871 |  45.0 |      73 |      35 |  32.4
   Vaults:5 |   16418 |  101423 |  86.1 |      46 |      98 |  68.1
    Crypt:1 |   34451 |    3428 |   9.0 |      35 |       6 |  14.6
    Crypt:2 |   28489 |       0 |   0.0 |      44 |       0 |   0.0
    Crypt:3 |       0 |   65866 | 100.0 |       0 |      88 | 100.0
   Depths:1 |   28203 |   16406 |  36.8 |      42 |      13 |  23.6
   Depths:2 |   27153 |   59696 |  68.7 |      31 |      36 |  53.7
   Depths:3 |    8549 |  103115 |  92.3 |      13 |     119 |  90.2
   Depths:4 |   36473 |   25391 |  41.0 |      42 |      14 |  25.0
   Depths:5 |   43793 |   25182 |  36.5 |      36 |      17 |  32.1
       Hell |   13536 |   15216 |  52.9 |      21 |      24 |  53.3
      Geh:1 |   39911 |    2146 |   5.1 |      71 |       4 |   5.3
      Geh:2 |   18473 |       0 |   0.0 |      52 |       0 |   0.0
      Geh:3 |   21655 |       0 |   0.0 |      57 |       0 |   0.0
      Geh:4 |   30219 |       0 |   0.0 |      64 |       0 |   0.0
      Zot:1 |   37003 |   13578 |  26.8 |      20 |      12 |  37.5
      Zot:2 |   56854 |       0 |   0.0 |      31 |       0 |   0.0
      Zot:3 |   58439 |    4369 |   7.0 |      31 |       1 |   3.1
      Zot:4 |   36238 |   60367 |  62.5 |      20 |      26 |  56.5
      Zot:5 |   42368 |  163044 |  79.4 |      25 |      42 |  62.7
    Abyss:1 |  602938 |    9494 |   1.6 |    1046 |      12 |   1.1
    Abyss:2 |   20400 |    1485 |   6.8 |      30 |       4 |  11.8
    Abyss:3 |   81832 |   12989 |  13.7 |     173 |      27 |  13.5
            +---------+---------+-------+---------+---------+-------
